 Dungeon Crawl Stone Soup version 0.30.0-16-gbe6223bb7e (webtiles) character file.

Game seed: 1202929295090898987

77 pigah the Gusty (level 4, 0/27 HPs)
             Began as an Octopode Air Elementalist on May 20, 2023.
             Slain by an orc priest
             ... wielding a +0 hand axe
              (6 damage)
             ... on level 3 of the Dungeon.
             The game lasted 00:04:00 (2265 turns).

pigah the Gusty (Octopode Air Elementalist)         Turns: 2265, Time: 00:04:01

Health: 0/27       AC:  1    Str: 13    XL:     4   Next: 33%
Magic:  0/7        EV: 13    Int: 19    God:
Gold:   131        SH:  0    Dex: 12    Spells: 0/8 levels left

rFire   . . .        (no weapon)
rCold   . . .        (no shield)
rNeg    . . .        (helmet restricted)
rPois   .            (no amulet)
rElec   .            c - +6 ring of strength
rCorr   .            m - ring of wizardry
SInv    .            (no ring)
Will    .....        (no ring)
Stlth   +++          (no ring)
HPRegen 0.24/turn    (no ring)
MPRegen 0.10/turn    (no ring)
                     (no ring)

%: wizardry (x1)
@: no status effects
A: almost no armour, amphibious, 8 rings, camouflage 1, gelatinous body 1,
(nimble swimmer 1), tentacles
a: no special abilities


You were on level 3 of the Dungeon.
You visited 1 branch of the dungeon, and saw 3 of its levels.

You collected 131 gold pieces.

Inventory:

Jewellery
 c - a +6 ring of strength (left tentacle)
 m - a ring of wizardry (right tentacle)
Wands
 p - a wand of polymorph (4)
Scrolls
 f - a scroll of noise {unknown}
 g - 3 scrolls of identify {unknown}
 h - 2 scrolls of teleportation {unknown}
 i - a scroll of blinking {unknown}
 j - 2 scrolls of immolation {unknown}
 l - a scroll of summoning {unknown}
Potions
 a - a potion of magic
 b - 2 potions of curing {unknown}
 d - a potion of flight {unknown}
 e - a potion of berserk rage {unknown}
 k - 2 potions of haste {unknown}
 n - a potion of heal wounds {unknown}
 o - a potion of might {unknown}


   Skills:
 - Level 2.0 Dodging
 - Level 2.6 Stealth
 + Level 2.5 Spellcasting
 - Level 1.0 Conjurations
 * Level 4.7 Air Magic


You couldn't memorise any spells.
You knew the following spells:

 Your Spells              Type           Power      Damage    Failure   Level
a - Shock                 Conj/Air       52%        1d6       1%          1
b - Swiftness             Air            20%        N/A       2%          3
c - Airstrike             Air            10%        2d(2-18)  9%          4

Your spell library contained the following spells:

 Spells                   Type           Power      Damage    Failure   Level
 Static Discharge         Conj/Air       26%        2-4/arc   3%          2
 Gell's Gravitas          Tloc           2%         N/A       19%         3
 Teleport Other           Tloc           2%         N/A       19%         3
 Dispersal                Tloc           1%         N/A       100%        6


Dungeon Overview and Level Annotations

Branches:
Dungeon (3/15)

Altars:


Innate Abilities, Weirdness & Mutations

You cannot wear most types of armour.
You are amphibious.
You can wear up to eight rings at the same time.
Your skin changes colour to match your surroundings (Stealth+).
Your rubbery body absorbs attacks. (AC +1, EV +1)
((You are camouflaged when in or above water. (Stealth+)))
You have tentacles for arms and can constrict up to eight enemies at once.


Message History

The orc priest is heavily wounded.
Aiming: Shock (safe; 1% risk of failure)
Press: ? - help, Q - select action, (/) - cycle Shift-Dir - straight line, f/p - orc priest
Aim: an orc priest, wielding a +0 hand axe and wearing a +0 ring mail (heavily wounded, 72% to hit)
The zap misses the orc priest.
The orc priest calls down the wrath of Beogh upon you.
Beogh smites you!
Ouch! That really hurt!
You tentacle-slap the orc priest but do no damage.
You grab the orc priest.
The orc priest is heavily wounded.
You constrict the orc priest. The orc priest misses you.
You tentacle-slap the orc priest.
You squeeze the orc priest, but do no damage.
The orc priest is severely wounded.
You constrict the orc priest, but do no damage.
The orc priest mumbles some strange prayers to Beogh against you.
Pain shoots through your body!
You tentacle-slap the orc priest but do no damage.
You squeeze the orc priest.
The orc priest is almost dead.
You constrict the orc priest, but do no damage.
The orc priest misses you.
You tentacle-slap the orc priest but do no damage.
The orc priest is almost dead.
You constrict the orc priest.
The orc priest hits you with a +0 hand axe!
* * * LOW HITPOINT WARNING * * *
You barely miss the orc priest.
The orc priest is almost dead.
You constrict the orc priest, but do no damage.
The orc priest struggles to escape constriction.
Aiming: Shock (safe; 1% risk of failure)
Press: ? - help, Q - select action, (/) - cycle Shift-Dir - straight line, f/p - orc priest
Aim: an orc priest, wielding a +0 hand axe and wearing a +0 ring mail (almost dead, constricted by you, 100% to hit)
The zap hits the orc priest.
The orc priest is almost dead.
You constrict the orc priest, but do no damage.
The orc priest hits you with a +0 hand axe.
You die...

.......#.#.#.........#.
.......+#.#.#.......#.#
.......#.#.#.........#.
...o...+#.#.#.#+#+#.#.#
.......#.#.#.#.#.#.#.#.
.....o.+#.#.#.#.#.#.#.#
.....).#.#.#.#.#.#.#.#
############o#.#.#.#.#.#.#
#..........@..#.#.#.#.#.#.#
#............#.#+#+#+#.#.#.#
#............'#.......#.#.#+
#.......[....#'.......+#.#+
#............##.......# ...
#............##.......# ...
#.........)..##.......# ...
#..........).##.......# ..
#............########## ..


You could see an orc priest.

Vanquished Creatures
  A gnoll (D:1)
  2 adders (D:2)
  A worm (D:2)
  A dart slug (D:2)
  An orc (D:3)
  A ball python (D:2)
  3 endoplasms
  3 giant cockroaches
  5 goblins
  4 hobgoblins
  3 jackals (D:1)
  5 kobolds
  2 quokkas (D:2)
  3 bats
  2 frilled lizards
  4 rats
41 creatures vanquished.

Notes
Turn   | Place    | Note
-------+----------+-------------------------------------------
     0 | D:1      | pigah the Octopode Air Elementalist began the quest for the
                  | Orb.
     0 | D:1      | Reached XP level 1. HP: 11/11 MP: 3/3
   202 | D:1      | Reached XP level 2. HP: 17/17 MP: 1/5
   312 | D:1      | Reached XP level 3. HP: 8/21 MP: 2/6
   401 | D:1      | Learned a level 3 spell: Swiftness
   431 | D:1      | Reached skill level 4 in Air Magic
  1510 | D:2      | Reached XP level 4. HP: 27/27 MP: 0/7
  2237 | D:3      | Learned a level 4 spell: Airstrike
  2265 | D:3      | Slain by an orc priest

Illustrated notes

Levels and vault maps discovered:
D:1:      giann_horns, layout_loops_ring
D:2:      layout_loops_corners
D:3:      layout_basic, led_sif_book, lightli_corner_chamber, uniq_sigmund

Skill      XL: |  1  2  3 |
---------------+----------+-----
Air Magic      | 4 |  4.7
Dodging        | |  2.0
Stealth        | |  2.6
Spellcasting   | |  2.5
Conjurations   | |  1.0

Action                     |  1- 3 |  4- 6 || total
---------------------------+-------+-------++-------
  Melee: Unarmed           |    29 |    10 ||    39
         Constrict         |    10 |     2 ||    12
         Tentacles         |     9 |     4 ||    13
   Cast: Shock             |    50 |    26 ||    76
   Stab: Distracted        |     1 |       ||     1
 Armour: Skin              |     1 |     1 ||     2
  Dodge: Dodged            |    22 |     4 ||    26
